 Dungeon Crawl Stone Soup version 0.31-a0-222-gefeffbb62a (webtiles) character file.

Game seed: 8456557825126563125

8116 qw the Cleaver (level 11, 0/74 HPs)
             Began as a Gargoyle Fighter on July 5, 2023.
             Was an Initiate of Okawaru.
             Slain by Erolcha
             ... wielding a +0 giant club
              (19 damage)
             ... on level 9 of the Dungeon.
             The game lasted 00:03:44 (6971 turns).

qw the Cleaver (Gargoyle Fighter)                   Turns: 6971, Time: 00:03:45

Health: 0/74       AC: 26    Str: 23    XL:     11   Next: 25%
Magic:  13/13      EV: 12    Int: 13    God:    Okawaru [......]
Gold:   313        SH: 11    Dex:  9    Spells: 10/10 levels left

rFire   . . .        Y - +1 war axe (protect)
rCold   . . .        n - +2 kite shield
rNeg    + . .        q - +0 chain mail
rPois   inf          (no helmet)
rElec   +            (no cloak)
rCorr   .            h - +0 pair of gloves
SInv    .            f - +0 pair of boots of Ru's Fury {Int+3}
Will    .....        (no amulet) Stlth
                     j - +5 ring of evasion
HPRegen 0.32/turn    (no ring)
MPRegen 0.13/turn

%: no passive effects
@: under a protective aura
A: sickness immunity, AC +8, negative energy resistance 1, electricity
resistance, torment resistance 1, petrification resistance
a: Renounce Religion


You were on level 9 of the Dungeon.
You worshipped Okawaru.
Okawaru was noncommittal.
You visited 2 branches of the dungeon, and saw 10 of its levels.

You collected 313 gold pieces.


Innate Abilities, Weirdness & Mutations

You are immune to sickness and miasma.
Your stone body is resilient. (AC +8)
You are immune to poison.
You resist negative energy. (rN+)
You are resistant to electric shocks. (rElec)
You are resistant to unholy torment.
You are immune to petrification.


   Skills:
 - Level 11.0 Fighting
 - Level 12.9 Axes
 - Level 2.0 Throwing
 + Level 3.9 Armour
 - Level 1.3 Dodging
 - Level 7.8 Shields
 - Level 3.0 Invocations


You had 10 spell levels left.
You didn't know any spells.
Your spell library was empty.

Inventory:

Hand Weapons
 l - a +0 morningstar
 Y - a +1 war axe of protection (weapon)
Missiles
 p - 3 javelins
Armour
 f - the +0 pair of boots of Ru's Fury (worn) {Int+3}
   (You found it on level 7 of the Dungeon)

   Int:       It affects your intelligence (+3).
 h - a +0 pair of gloves (worn)
 n - a +2 kite shield (worn)
 q - a +0 chain mail (worn)
Jewellery
 j - a +5 ring of evasion (left hand)
Wands
 c - a wand of digging (7)
Scrolls
 a - 3 scrolls of teleportation
 g - a scroll of identify
Potions
 d - 2 potions of might
 e - a potion of mutation
 i - a potion of berserk rage {unknown}
 k - a potion of heal wounds {unknown}
 m - a potion of lignification
 o - a potion of curing

Dungeon Overview and Level Annotations

Branches:
Dungeon (9/15)             Temple (1/1) D:6
   Lair: D:8-11         Orc: D:9-12

Altars:
Ashenzari
Cheibriados
Dithmenos
Elyvilon
Fedhas
Gozag
Hepliaklqana
Kikubaaqudgha
Nemelex Xobeh
Okawaru
Qazlal
Ru
Trog
Uskayaw
Vehumet
Wu Jian
Xom
Yredelemnul
Zin
The Shining One

Shops:
D:8 :

Annotations:
D:3 1 runed translucent door, Crazy Yiuf
D:9 Erolcha


Message History

The killer bee stings you but does no damage.
You block the killer bee's attack.
You slash the killer bee!
You kill the killer bee!
Okawaru accepts your kill.
You miss the killer bee. You block the killer bee's attack.
The killer bee stings you but does no damage.
Your Throwing skill increases to level 2!
You barely miss the killer bee. The killer bee closely misses you.
The killer bee stings you but does no damage.
You slash the killer bee!
The killer bee is severely wounded.
The killer bee misses you. You block the killer bee's attack.
You barely miss the killer bee.
The killer bee is severely wounded.
The killer bee stings you but does no damage.
You slash the killer bee!
You kill the killer bee!
Okawaru accepts your kill.
Erolcha casts a spell.
Erolcha flickers and vanishes!
Deactivating autopickup; reactivate with Ctrl-A.
You swing at nothing.
You hit something. Something hits you!
You slash something! Something hits you!
You closely miss something. You hit something. You block something's attack.
You hit something. Something hits you!
You closely miss something. You hit something. Something hits you!!
You closely miss something. Something hits you!!
You die...

# ## . #. .#.#.#
..###.###
##.#.#.#
.........
.>.#.#.#
.....#.#
#..#.#.#
#.{/#####..#.#.#
#@..<....#.#.#
#.##.##.##.#.#
#............#
.....##.##.###
.............#
#####........#
#.###.##.# #.#
#.##.# .# #.##.#


There were no monsters in sight!

Vanquished Creatures
  2 trolls
  Prince Ribbit (D:5)
  A water moccasin (D:7)
  2 sky beasts
  3 black bears
  2 ogres
  Blork the orc (D:4)
  A phantom (D:5)
  A gnoll sergeant (D:7)
  4 bullfrogs
  5 scorpions
  4 wights
  9 killer bees
  A howler monkey (D:7)
  2 orc priests
  6 hounds
  A jelly (D:8)
  4 iguanas
  2 sleepcaps
  3 orc wizards
  6 gnolls
  4 adders
  A shadow imp (D:7)
  4 white imps
  2 ufetubi
  2 worms
  A dart slug (D:2)
  14 orcs
  9 ball pythons
  A bat (D:3)
  9 endoplasms
  4 giant cockroaches
  7 goblins
  6 hobgoblins
  3 jackals (D:3)
  A quokka (D:1)
  4 frilled lizards
  5 kobolds
  10 rats
148 creatures vanquished.

Notes
Turn   | Place    | Note
-------+----------+-------------------------------------------
     0 | D:1      | qw the Gargoyle Fighter began the quest for the Orb.
     0 | D:1      | Reached XP level 1. HP: 14/14 MP: 1/1
     0 | D:1      | 0 ||| qw: Version: 0.3-a-46-gb1f654a
     0 | D:1      | 0 ||| qw: Game counter: 1009
     0 | D:1      | 0 ||| qw: Melee chars always use a shield: true
     0 | D:1      | 0 ||| qw: God list: Okawaru
     0 | D:1      | 0 ||| qw: Allow faded altars: false
     0 | D:1      | 0 ||| qw: Do Orc after clearing Dungeon:15 true
     0 | D:1      | 0 ||| qw: Do second Lair branch before Depths: true
     0 | D:1      | 0 ||| qw: Lair rune preference: random
     0 | D:1      | 0 ||| qw: Goals: Normal, Zot:1-4, Slime:5, God:TSO, Crypt,
                  | Tomb, Abyss, Pan, Hells, Win
     0 | D:1      | 0 ||| PLANNING D:1-11
    58 | D:1      | Reached skill level 2 in Axes
   126 | D:1      | Reached XP level 2. HP: 19/19 MP: 2/2
   130 | D:1      | 130 ||| Stepping ~*~*~tactically~*~*~ (stealth).
   168 | D:1      | 168 ||| Stepping ~*~*~tactically~*~*~ (stealth).
   258 | D:1      | 258 ||| DROPPING +0 club.
   306 | D:1      | Reached skill level 3 in Axes
   329 | D:1      | Reached XP level 3. HP: 22/23 MP: 3/3
   436 | D:1      | 436 ||| Stepping ~*~*~tactically~*~*~ (stealth).
   467 | D:1      | 467 ||| Stepping ~*~*~tactically~*~*~ (hiding).
   468 | D:1      | 468 ||| Stepping ~*~*~tactically~*~*~ (hiding).
   483 | D:1      | HP: 5/23 [gnoll/+0 spear (7)]
   763 | D:1      | 763 ||| UPGRADING to +0 pair of gloves.
   768 | D:1      | 768 ||| READING 2 scrolls labelled VODUAKU OFUVOF.
   869 | D:1      | 869 ||| READING 2 scrolls labelled ATO SYOLOPOSO.
   870 | D:1      | 870 ||| READING scroll labelled ZUCOLU UPSUO.
   871 | D:1      | 871 ||| DROPPING scroll of silence.
   919 | D:2      | 919 ||| Stepping ~*~*~tactically~*~*~ (stealth).
  1008 | D:2      | 1008 ||| Stepping ~*~*~tactically~*~*~ (hiding).
  1151 | D:2      | Reached XP level 4. HP: 28/28 MP: 4/4
  1219 | D:2      | Reached skill level 4 in Axes
  1249 | D:2      | Noticed a scorpion
  1254 | D:2      | Killed a scorpion
  1255 | D:2      | Reached XP level 5. HP: 28/32 MP: 5/5
  1469 | D:2      | 1469 ||| UPGRADING to +0 chain mail.
  1479 | D:2      | 1479 ||| DROPPING +0 scale mail.
  1480 | D:2      | 1480 ||| DROPPING ring of wizardry.
  1481 | D:2      | 1481 ||| READING scroll labelled PAGRUDOSMIUDOE.
  1482 | D:2      | 1482 ||| READING scroll labelled YTO ESTRESK.
  1485 | D:2      | 1485 ||| READING scroll labelled ZYCWIV MISA.
  1579 | D:3      | Found a blossoming altar of Fedhas.
  2052 | D:3      | Found a runed translucent door.
  2053 | D:3      | Noticed Crazy Yiuf
  2211 | D:3      | 2211 ||| DROPPING +6 ring of intelligence.
  2212 | D:3      | 2212 ||| DRINKING 3 amethyst potions.
  2213 | D:3      | 2213 ||| DROPPING 2 potions of brilliance.
  2253 | D:4      | 2253 ||| STAIRDANCE
  2259 | D:3      | Reached skill level 5 in Axes
  2465 | D:4      | Noticed Blork the orc
  2477 | D:4      | Killed Blork the orc
  2478 | D:4      | Reached XP level 6. HP: 27/39 MP: 6/6
  2561 | D:4      | 2561 ||| Stepping ~*~*~tactically~*~*~ (stealth).
  2562 | D:4      | 2562 ||| Stepping ~*~*~tactically~*~*~ (stealth).
  2662 | D:4      | 2662 ||| Stepping ~*~*~tactically~*~*~ (stealth).
  3045 | D:4      | 3045 ||| UPGRADING to +5 ring of evasion.
  3046 | D:4      | 3046 ||| READING scroll labelled ENAUPO ERGHE.
  3047 | D:4      | 3047 ||| DRINKING 2 smoky coppery potions.
  3048 | D:4      | 3048 ||| DROPPING potion of invisibility.
  3072 | D:5      | Entered Level 5 of the Dungeon
  3074 | D:5      | 3074 ||| STAIRDANCE
  3142 | D:5      | Reached skill level 6 in Axes
  3142 | D:5      | Reached XP level 7. HP: 44/44 MP: 7/7
  3143 | D:5      | Reached skill level 1 in Dodging
  3512 | D:5      | Noticed Prince Ribbit
  3551 | D:5      | Killed Prince Ribbit
  3552 | D:5      | Reached skill level 7 in Axes
  3552 | D:5      | Reached XP level 8. HP: 18/48 MP: 8/8
  3859 | D:5      | 3859 ||| UPGRADING to +2 kite shield.
  3869 | D:5      | 3869 ||| DROPPING +0 buckler.
  3914 | D:6      | Found a white marble altar of Elyvilon.
  3919 | D:6      | 3919 ||| STAIRDANCE
  4019 | D:6      | Found a staircase to the Ecumenical Temple.
  4020 | D:6      | 4020 ||| PLANNING TEMPLE
  4020 | D:6      | 4020 ||| DRINKING 2 dark potions.
  4026 | Temple   | Entered the Ecumenical Temple
  4053 | Temple   | 4053 ||| PLANNING OKAWARU WORSHIP
  4063 | Temple   | Became a worshipper of Warmaster Okawaru
  4064 | Temple   | 4064 ||| PLANNING D:1-11
  4340 | D:6      | 4340 ||| Stepping ~*~*~tactically~*~*~ (stealth).
  4344 | D:6      | 4344 ||| Stepping ~*~*~tactically~*~*~ (stealth).
  4346 | D:6      | 4346 ||| Stepping ~*~*~tactically~*~*~ (hiding).
  4359 | D:6      | Reached skill level 1 in Throwing
  4378 | D:6      | 4378 ||| DROPPING +1 mace of draining.
  4379 | D:6      | 4379 ||| DROPPING +0 mace.
  4537 | D:6      | Reached skill level 6 in Shields
  4543 | D:6      | 4543 ||| STAIRDANCE
  4607 | D:5      | 4607 ||| READING scroll labelled SIPEMI KAOH.
  4608 | D:5      | 4608 ||| READING scroll labelled RIGOBYADUA.
  4609 | D:5      | 4609 ||| READING 2 scrolls of identify.
  4609 | D:5      | 4609 ||| IDENTIFYING smoky orange potion
  4615 | D:6      | 4615 ||| STAIRDANCE
  4648 | D:6      | Found a glowing silver altar of Zin.
  4674 | D:6      | Found a snail-covered altar of Cheibriados.
  4676 | D:6      | 4676 ||| Stepping ~*~*~tactically~*~*~ (stealth).
  4911 | D:6      | 4911 ||| DRINKING 2 fizzy cyan potions.
  4911 | D:6      | Reached skill level 12 in Axes
  4911 | D:6      | Reached XP level 9. HP: 54/54 MP: 9/9
  4912 | D:6      | 4912 ||| DRINKING potion of experience.
  4912 | D:6      | Reached XP level 10. HP: 69/69 MP: 10/10
  4956 | D:7      | 4956 ||| Stepping ~*~*~tactically~*~*~ (stealth).
  4957 | D:7      | 4957 ||| Stepping ~*~*~tactically~*~*~ (stealth).
  5145 | D:7      | Identified the +0 pair of boots of Ru's Fury {Int+3}
  5164 | D:7      | Reached * piety under Okawaru
  5184 | D:7      | Reached XP level 11. HP: 74/74 MP: 11/11
  5301 | D:7      | Reached skill level 1 in Invocations
  5475 | D:7      | 5475 ||| Stepping ~*~*~tactically~*~*~ (hiding).
  5481 | D:7      | 5481 ||| INVOKING Heroism.
  5596 | D:7      | 5596 ||| FLEEEEING.
  5597 | D:7      | 5597 ||| FLEEEEING.
  5604 | D:7      | 5604 ||| FLEEEEING.
  5605 | D:7      | 5605 ||| FLEEEEING.
  5618 | D:7      | 5618 ||| Stepping ~*~*~tactically~*~*~ (hiding).
  5619 | D:7      | 5619 ||| INVOKING Heroism.
  5958 | D:7      | 5958 ||| UPGRADING to +0 pair of boots of Ru's Fury
                  | {Int+3}.
  5963 | D:7      | 5963 ||| DROPPING amulet of magic regeneration.
  5964 | D:7      | 5964 ||| READING scroll labelled BUREUCZAAFIS.
  5965 | D:7      | 5965 ||| READING scroll labelled ZYNKIF SOAF.
  5966 | D:7      | 5966 ||| DRINKING 2 smoky puce potions.
  6100 | D:8      | Found Nyoghoej's Self-Improvement Boutique.
  6137 | D:8      | 6137 ||| INVOKING Heroism.
  6208 | D:8      | 6208 ||| Stepping ~*~*~tactically~*~*~ (stealth).
  6269 | D:8      | Reached skill level 3 in Invocations
  6271 | D:8      | Found a stormy altar of Qazlal.
  6276 | D:8      | 6276 ||| Stepping ~*~*~tactically~*~*~ (hiding).
  6424 | D:8      | 6424 ||| INVOKING Heroism.
  6456 | D:8      | 6456 ||| DROPPING +0 flail.
  6870 | D:8      | 6870 ||| READING scroll labelled FOYVEI LI LONA.
  6939 | D:9      | 6939 ||| Stepping ~*~*~tactically~*~*~ (stealth).
  6956 | D:9      | Noticed Erolcha
  6971 | D:9      | Slain by Erolcha

Levels and vault maps discovered:
D:1:      evilmike_arrival_rings, layout_rooms, minmay_tiny_reverse_x
D:2:      layout_loops_cross, minmay_cupped
D:3:      layout_basic, general_overflow_altar, kennysheep_generic_room_8,
          uniq_crazy_yiuf_cottage
D:4:      layout_basic, corexii_item_surrounded_by_moat, uniq_blork_the_orc
D:5:      layout_gridville, uniq_prince_ribbit1
D:6:      layout_cave_pods, mainiacjoe_overflow_catch_the_wave, zin_academy,
          minmay_temple_entry_wispy
D:7:      layout_loops_ring
D:8:      layout_loops_cross, overflow_temple_1_default, minivault_19,
          nicolae_concentric_dashed_squares_mild, nicolae_shop_self_help
D:9:      layout_basic, bloody_makhleb, minmay_shop_damaged,
          lightli_orcish_oven, uniq_harold, uniq_erolcha
Temple:   hellmonk_temple_of_storms

Skill      XL: |  1  2  3  4  5  6  7  8  9 10 11 |
---------------+----------------------------------+-----
Axes           | 2 3 4 5 6 7 12 | 12.9
Fighting       | 4 5 11 | 11.0
Dodging        | 1 |  1.3
Shields        | 7 |  7.8
Throwing       | 1 2 |  2.0
Invocations    | 3 |  3.0
Armour         | |  3.9

Action                     |  1- 3 |  4- 6 |  7- 9 | 10-12 || total
---------------------------+-------+-------+-------+-------++-------
  Melee: War axe           |    99 |   113 |   137 |   186 ||   535
  Throw: Boomerang         |    12 |    47 |     4 |       ||    63
 Invoke: Heroism           |       |       |       |     4 ||     4
    Use: Scroll            |     3 |     4 |     3 |     3 ||    13
         Potion            |       |     2 |     3 |     1 ||     6
 Armour: Scale mail        |    41 |     6 |       |       ||    47
         Chain mail        |       |    60 |    56 |    64 ||   180
  Dodge: Dodged            |    43 |    50 |    88 |    72 ||   253
  Block: Buckler           |    11 |    18 |    11 |       ||    40
         Kite shield       |       |       |    54 |   112 ||   166

Table legend:
 A = Non-vault XP
 B = Vault XP
 C = Vault XP percentage of total XP
 D = Non-vault monster count
 E = Vault monster count
 F = Vault count percentage of total count
                 A         B        C        D         E       F
            +---------+---------+-------+---------+---------+-------
      Total |    4527 |     371 |   7.6 |     141 |       7 |   4.7
            +---------+---------+-------+---------+---------+-------
        D:1 |      51 |       3 |   5.6 |      24 |       2 |   7.7
        D:2 |     127 |       3 |   2.3 |      17 |       2 |  10.5
        D:3 |      65 |       1 |   1.5 |      13 |       1 |   7.1
        D:4 |     199 |      96 |  32.5 |      15 |       1 |   6.2
        D:5 |     954 |     268 |  21.9 |      15 |       1 |   6.2
        D:6 |     527 |       0 |   0.0 |      12 |       0 |   0.0
        D:7 |    1594 |       0 |   0.0 |      30 |       0 |   0.0
        D:8 |     704 |       0 |   0.0 |      10 |       0 |   0.0
        D:9 |     306 |       0 |   0.0 |       5 |       0 |   0.0
            +---------+---------+-------+---------+---------+-------
